Map: Heavy Artillery LE

Players

Casey

  • Race: Terran Terran

RevMuun

  • Race: Zerg Zerg

Collinzworth - Winner!

  • Race: Terran Terran

Wrathful - Winner!

  • Race: Zerg Zerg
  • League: Silver

VOD

Have the link to the VOD?

Description

Time

  • Played on: Dec. 27, 2021, 10:30 p.m.
  • Length: 10:35
Show
View Real Time Build Order
Export as new Build Order

Casey Terran 

Build Orders:  

Get SALT Encoding   

  12  0:00  SCV  
  13  0:13  SCV  
  14  0:23  Supply Depot  
  14  0:29  SCV  
  15  0:48  Barracks  
  15  0:51  SCV  
  16  1:00  Barracks  
  16  1:03  SCV  
  17  1:07  Refinery  
  17  1:13  Refinery  
  17  1:15  SCV  
  18  1:27  SCV  
  19  1:39  SCV  
  20  1:43  Barracks  
  20  1:47  Barracks Tech Lab  
  20  1:51  SCV  
  21  2:03  Barracks Reactor  
  21  2:20  SCV  
  22  2:31  Engineering Bay  
  22  2:32  SCV  
  23  2:42  Supply Depot  
  23  2:47  Barracks Reactor  
  23  3:01  Terran Infantry Weapons Level 1  
  23  3:03  Combat Shield  
  23  3:04  Marauder  
  23  3:05  Supply Depot  
  25  3:08  Marine  
  25  3:09  Marine  
  27  3:26  Marine x2  
  29  3:28  Marine x2  
  29  3:30  Supply Depot  
  31  3:44  Marine x2  
  31  3:46  Marine x2  
  35  4:04  Marine x2  
  35  4:07  Command Center  
  37  4:14  Marine x3  
  40  4:21  Marine  
  40  4:22  Marine  
  42  4:33  Marauder  
  42  4:37  Supply Depot  
  44  4:47  Stimpack  
  44  4:50  Marine  
  45  4:56  SCV  
  45  4:59  Supply Depot  
  46  5:07  Marine x2  
  46  5:08  Marine x2  
  50  5:23  Supply Depot  
  50  5:26  Reaper  
  51  5:42  Factory  
  51  5:55  SCV  
  52  5:58  Reaper  
  52  6:01  SCV  
  54  6:07  SCV  
  55  6:13  SCV  
  56  6:19  SCV  
  56  6:21  Terran Infantry Armor Level 1  
  57  6:27  Factory  
  57  6:29  Armory  
  57  6:30  Reaper  
  57  6:31  SCV  
  59  6:37  Missile Turret  
  59  6:43  SCV  
  60  6:57  Missile Turret  
  60  7:02  Factory Tech Lab  
  60  7:10  Concussive Shells  
  60  7:12  Marauder  
  60  7:13  Marine x2  
  60  7:14  Marine  
  65  7:18  Missile Turret  
  65  7:34  Marauder  
  67  7:42  Missile Turret  
  67  7:55  Marauder  
  40  8:17  Marauder  
  42  8:38  Marauder  
  40  9:00  Factory Reactor  
  40  9:02  Siege Tank  
  43  9:06  Marine x5  
  48  9:23  Marine  
  48  9:24  Marine x4  
  44  9:34  Siege Tank  
  47  9:41  Marine x3  
  47  9:42  Marine x2  
  52  9:55  Hellion x2  
  52  9:59  Marine x3  
  59  10:00  Marine, Marauder  
Show
View Real Time Build Order
Export as new Build Order

RevMuun Zerg 

Build Orders: Hatch First 

Get SALT Encoding   

  12  0:01  Drone  
  13  0:13  Overlord  
  13  0:17  Drone  
  14  0:32  Drone  
  14  0:33  Drone  
  16  0:51  Hatchery  
  15  0:58  Drone x2  
  15  1:02  Drone  
  18  1:06  Extractor  
  17  1:18  Spawning Pool  
  17  1:24  Drone  
  17  1:28  Drone  
  18  1:33  Drone  
  19  1:42  Overlord  
  19  2:05  Queen  
  19  2:06  Queen  
  23  2:14  Drone x2  
  25  2:18  Drone  
  25  2:21  Zergling x2  
  25  2:22  Zergling x2  
  28  2:25  Zergling x2  
  29  2:37  Drone  
  29  2:41  Overlord  
  29  2:43  Queen  
  32  2:55  Drone  
  32  2:58  Lair  
  33  3:01  Drone  
  33  3:02  Drone  
  35  3:08  Drone  
  35  3:09  Drone  
  37  3:15  Evolution Chamber  
  36  3:41  Roach Warren  
  35  3:49  Drone  
  35  3:50  Drone x2  
  35  3:51  Overlord  
  35  3:52  Overlord  
  35  3:55  Drone x3  
  41  4:03  Extractor  
  41  4:08  Zerg Missile Weapons Level 1  
  40  4:38  Drone x3  
  43  4:52  Glial Reconstitution  
  43  4:54  Hatchery  
  43  4:55  Roach x3  
  43  4:56  Roach x4  
  56  5:02  Roach x2  
  56  5:06  Extractor  
  59  5:09  Overlord  
  59  5:13  Overlord  
  59  5:45  Overlord x2  
  59  5:47  Roach x4  
  67  6:01  Roach  
  69  6:09  Drone  
  70  6:12  Drone x3  
  70  6:13  Drone x2  
  70  6:15  Overlord  
  70  6:17  Zerg Missile Weapons Level 2  
  75  6:35  Extractor  
  75  6:39  Roach x2  
  78  6:58  Queen  
  78  7:00  Drone x3  
  83  7:01  Overlord  
  83  7:02  Overlord  
  83  7:08  Drone x3  
  86  7:27  Drone  
  86  7:28  Drone  
  88  7:30  Drone x2  
  72  7:57  Roach x3  
  74  7:59  Roach x2  
  74  8:00  Roach  
  74  8:01  Roach x4  
  74  8:02  Roach x3  
  74  8:03  Roach x3  
  100  8:08  Drone  
  101  8:31  Infestation Pit  
  100  8:35  Roach x5  
  110  9:01  Drone  
  112  9:02  Drone  
  112  9:03  Drone x3  
  112  9:05  Extractor  
  112  9:08  Hive  
  114  9:13  Spire  
  69  9:32  Roach  
  69  9:33  Roach x4  
  69  9:34  Roach x4  
  69  9:35  Roach x5  
  69  9:36  Roach x2  
  54  10:15  Roach x4  
  54  10:16  Roach  
Show
View Real Time Build Order
Export as new Build Order

Collinzworth Terran - Winner!

Build Orders: 2 Factory, Gas First Reaper Expand, Mech 

Get SALT Encoding   

  12  0:01  SCV  
  13  0:15  Supply Depot  
  13  0:20  SCV  
  14  0:31  Refinery  
  14  0:38  Barracks  
  14  0:41  SCV  
  15  0:55  SCV  
  16  1:07  SCV  
  17  1:29  Command Center  
  17  1:33  SCV  
  17  1:39  Reaper  
  19  1:45  SCV  
  20  1:57  SCV  
  20  2:00  Refinery  
  21  2:05  Factory  
  21  2:09  SCV  
  22  2:18  Barracks Reactor  
  22  2:22  Orbital Command  
  22  2:42  Orbital Command  
  22  2:52  Factory Tech Lab  
  22  2:54  Factory  
  22  2:55  Marine  
  23  2:58  SCV  
  24  3:11  SCV  
  25  3:23  SCV  
  26  3:35  SCV  
  26  3:39  Siege Tank  
  30  3:46  SCV  
  31  3:58  SCV, Bunker  
  32  4:05  Infernal Pre-Igniter  
  32  4:07  Hellion x2  
  36  4:12  SCV  
  37  4:24  SCV  
  38  4:36  Command Center  
  38  4:48  Refinery  
  38  4:58  Supply Depot  
  38  5:06  Supply Depot  
  38  5:13  Barracks Tech Lab  
  38  5:19  Siege Tank, SCV, Hellion x2  
  46  5:29  SCV  
  46  5:31  SCV  
  48  5:37  Supply Depot x2  
  48  5:38  Marine  
  48  5:41  SCV, Hellion x2  
  54  5:48  SCV  
  54  5:49  Orbital Command  
  55  5:56  Marine  
  56  6:00  SCV  
  56  6:01  Factory  
  57  6:08  Mag-Field Accelerator  
  57  6:12  SCV  
  57  6:14  Marine  
  57  6:17  SCV  
  60  6:22  Refinery  
  60  6:24  SCV  
  61  6:29  SCV  
  62  6:34  Armory  
  62  6:36  SCV  
  63  6:40  Armory  
  63  6:41  SCV  
  64  6:47  Orbital Command  
  64  6:48  SCV  
  64  6:53  SCV  
  66  7:00  SCV  
  67  7:05  SCV  
  68  7:11  Engineering Bay  
  68  7:12  SCV  
  69  7:17  SCV  
  70  7:26  Thor, Cyclone  
  70  7:28  Hellion  
  70  7:29  SCV  
  82  7:34  Supply Depot  
  82  7:39  SCV  
  82  7:41  Starport  
  82  7:42  Supply Depot  
  83  7:56  Supply Depot  
  72  7:58  Thor  
  72  8:04  Supply Depot  
  72  8:05  Hellion  
  72  8:06  Hellion  
  72  8:09  Thor  
  78  8:15  Marine  
  78  8:19  SCV  
  84  8:27  SCV, Hellion x2  
  84  8:31  SCV  
  84  8:32  Marine  
  87  8:41  Siege Tank  
  87  8:43  SCV  
  91  8:50  Marine, SCV  
  91  8:52  Siege Tank  
  91  8:54  Factory  
  96  8:56  SCV  
  96  8:58  Refinery  
  97  9:03  SCV, Refinery  
  97  9:08  Marine, SCV  
  100  9:10  Command Center  
  100  9:13  Thor, Hellion x2  
  100  9:15  SCV  
  111  9:20  SCV  
  111  9:22  SCV  
  113  9:26  Marine  
  113  9:27  SCV, Starport Reactor  
  115  9:32  SCV  
  115  9:33  Supply Depot  
  115  9:35  Supply Depot  
  115  9:38  Factory  
  116  9:44  SCV  
  117  9:57  Supply Depot  
  119  10:06  Hellion x3  
Show
View Real Time Build Order
Export as new Build Order

Wrathful Zerg - Winner!

Build Orders: Hatch First 

Get SALT Encoding   

  12  0:01  Drone  
  13  0:15  Overlord  
  14  0:28  Drone  
  14  0:54  Drone  
  14  0:56  Drone  
  16  0:58  Drone, Hatchery  
  16  1:13  Drone  
  17  1:28  Drone, Spawning Pool  
  17  1:30  Drone  
  18  1:44  Extractor  
  17  1:49  Drone x2  
  19  2:06  Drone  
  20  2:12  Hatchery, Overlord  
  19  2:25  Drone  
  19  2:29  Drone x2  
  22  2:31  Queen x2  
  22  2:33  Drone  
  27  2:42  Drone  
  28  2:46  Drone x2  
  30  2:54  Drone  
  30  2:57  Drone  
  32  3:04  Overlord  
  32  3:05  Overlord  
  32  3:17  Roach Warren  
  31  3:21  Evolution Chamber  
  31  3:26  Drone x4  
  34  3:31  Spine Crawler  
  33  3:36  Baneling Nest  
  33  3:40  Spine Crawler  
  32  3:42  Drone x2  
  32  3:44  Drone  
  32  3:45  Drone x3  
  38  3:50  Drone x2  
  40  3:56  Zerg Missile Weapons Level 1  
  40  3:58  Drone  
  40  4:00  Drone  
  40  4:02  Drone x2  
  44  4:05  Drone  
  44  4:06  Drone  
  44  4:08  Drone  
  47  4:19  Drone x3  
  47  4:21  Overlord x2  
  50  4:24  Overlord  
  50  4:41  Spore Crawler  
  50  4:44  Overlord  
  50  4:45  Drone x6  
  50  4:46  Drone x2  
  57  4:54  Lair  
  57  4:58  Drone  
  58  5:02  Extractor  
  58  5:05  Drone x3  
  58  5:06  Drone x2  
  62  5:07  Extractor  
  62  5:11  Extractor  
  62  5:13  Extractor  
  59  5:15  Drone, Spore Crawler  
  59  5:16  Drone x2  
  59  5:18  Drone  
  59  5:19  Drone  
  63  5:25  Drone  
  63  5:27  Overlord x2  
  64  5:29  Overlord x2  
  64  5:49  Roach x6  
  76  5:52  Roach x2  
  80  5:59  Queen  
  82  6:04  Drone x2  
  84  6:25  Queen  
  86  6:39  Zerg Missile Weapons Level 2, Hydralisk Den  
  85  6:58  Hatchery  
  84  7:07  Spore Crawler  
  83  7:10  Drone x3  
  83  7:13  Drone, Hatchery  
  83  7:14  Drone x3  
  89  7:17  Extractor  
  89  7:20  Hatchery  
  89  7:22  Spore Crawler  
  86  7:27  Hydralisk  
  86  7:29  Hydralisk x9  
  106  7:33  Overlord x2  
  106  7:37  Overlord  
  106  7:38  Overlord  
  106  7:39  Overlord  
  106  7:40  Overlord  
  106  7:50  Grooved Spines  
  106  7:51  Hydralisk x3  
  112  8:02  Hydralisk x2  
  112  8:03  Hydralisk x6  
  122  8:07  Hydralisk x3  
  126  8:16  Drone x2  
  126  8:17  Drone  
  129  8:26  Hydralisk x8  
  145  8:44  Hatchery  
  144  8:54  Hydralisk x4  
  144  8:55  Hydralisk x6  
  164  9:00  Overlord  
  164  9:01  Muscular Augments, Overlord x3  
  164  9:13  Overseer  
  162  9:22  Hydralisk x7  
  162  9:23  Hydralisk x6  
  180  9:30  Hydralisk x2  
  168  9:40  Hydralisk x2  
  168  9:41  Hydralisk x3  
  178  9:56  Drone x2  
  178  9:57  Drone x4  
  178  10:04  Hydralisk x6  
  184  10:09  Hydralisk  
Tags
 
Add a new tag
Caveats
  • Supply blocks, unpowered buildings, or Contaminate may cause inaccurate times.
  • Supply counts are checked every 10 seconds.